 Dungeon Crawl Stone Soup version 0.26.1-11-gd32895ea62 (webtiles) character file.

Game seed: 3364581994122140408

279 infcreate the Sneak (level 6, -1/34 HPs)
             Began as a Vampire Enchanter on Apr 22, 2021.
             Slain by a scorpion (10 damage)
             ... on level 4 of the Dungeon.
             The game lasted 00:11:25 (5272 turns).

infcreate the Sneak (Vampire Enchanter)             Turns: 5272, Time: 00:11:25

Health: -1/34      AC:  4    Str:  7    XL:     6   Next: 5%
Magic:  7/9        EV: 18    Int: 17    God:
Gold:   145        SH:  0    Dex: 17    Spells: 4/10 levels left

rFire    + . .     SeeInvis +   a - +1 dagger
rCold    + + .     Faith    .   (no shield)
rNeg     + + +     Spirit   .   b - +0 robe
rPois    ∞         Reflect  .   n - +1 hat
rElec    .         Harm     .   (no cloak)
rCorr    .         Rampage  .   (no gloves)
Will     .....                  j - +0 pair of boots
Stlth    +++++.....             A - amulet of the acrobat
HPRegen  0.00/turn              E - +4 ring of evasion
MPRegen  0.11/turn              F - ring of protection from fire

@: bloodless
A: fangs 3, see invisible, unbreathing
a: Bat Form, Revivify


You were on level 4 of the Dungeon.
You visited 1 branch of the dungeon, and saw 4 of its levels.
You also visited: Sewer.

You collected 145 gold pieces.


Innate Abilities, Weirdness & Mutations

You do not regenerate when monsters are visible.
You are frail without blood (-20% HP).
You can heal yourself when you bite living creatures.
You are immune to poison.
You have razor-sharp teeth.
You have supernaturally acute eyesight. (SInv)
You can survive without breathing.


   Skills:
 + Level 1.3 Fighting
 * Level 3.0 Short Blades
 * Level 3.4 Dodging
 * Level 6.3 Stealth
 + Level 2.5 Spellcasting
 * Level 6.0 Hexes


You had 4 spell levels left.
You knew the following spells:

 Your Spells              Type           Power        Failure   Level
c - Corona                Hex            24%          1%          1
e - Ensorcelled Hibernat  Hex/Ice        24%          9%          2
t - Confusing Touch       Hex            22%          4%          3

Your spell library contained the following spells:

 Spells                   Type           Power        Failure   Level
 Tukima's Dance           Hex            22%          4%          3
 Dazzling Flash           Conj/Hex       24%          16%         3

Inventory:

Hand Weapons
 a - a +1 dagger (weapon)
Armour
 b - a +0 robe (worn)
 j - a +0 pair of boots (worn)
 n - a +1 hat (worn)
Jewellery
 A - an amulet of the acrobat (around neck)
 E - a +4 ring of evasion (left hand)
 F - a ring of protection from fire (right hand)
Scrolls
 c - a scroll of fear
 e - a scroll of magic mapping
 h - a scroll of noise {unknown}
 i - 2 scrolls of identify {@r1}
 k - a scroll of enchant armour {unknown}
 q - a scroll of remove curse {unknown}
 s - a scroll of teleportation {unknown}
Potions
 d - a potion of haste {unknown}
 f - 2 potions of attraction {unknown}
 g - a potion of berserk rage {unknown}
 l - 2 potions of degeneration {unknown}
 m - 2 potions of curing {unknown}
 o - a potion of lignification {unknown}
 p - a potion of resistance {unknown}
 r - a potion of mutation {unknown}

Dungeon Overview and Level Annotations

Branches:
Dungeon (4/15)              Sewer (visited)
 Temple: D:4-7

Altars:
Xom

*,*,**#.....#.##########..
*,,,,,+..........[........
***,**#.......#####.......
*,* #.....#o# #.###### *,*
#####.#.# #.# *** #.#
#####o#####.#***.. #.#
#...o.......#*,,.# #.#
#.###.#######,,*** #.# #@#
#.# *,,**,, #.# #s# #.#
**,**,,, #.#####o###.#
*,,*,,,,
#.....[<....##***,**,,,*
#..............#*,*,,,**
#.##.#####.#####,,*,***,
#.##....##.# *,,*,,,,,
#.##o...##.#****,,,,,***
#.##....##.#*,**,*******


You could see a scorpion (confused) and an orc.


Message History

You climb downwards.
The orc hits you with a +0 club. x2
There is a stone staircase leading up here.
You hit the scorpion but do no damage. You hit the scorpion but do no damage.
The orc completely misses you. The scorpion misses you.
You completely miss the scorpion. The scorpion stings you!
The orc closely misses you.
You barely miss the scorpion.
The scorpion stings you but does no damage.
The orc barely misses you. The orc hits you with a +0 club.
* * * LOW HITPOINT WARNING * * *
You hit the scorpion but do no damage. The scorpion stings you.
* * * LOW HITPOINT WARNING * * *
You barely miss the scorpion. The scorpion completely misses you.
You barely miss the scorpion.
You bite the scorpion, but do no damage.
You hit the scorpion but do no damage.
The scorpion appears confused.
The scorpion stings you.
* * * LOW HITPOINT WARNING * * *
You hit the scorpion.
The scorpion is lightly wounded.
The scorpion misses you.
You hit the scorpion.
The scorpion is moderately wounded.
The scorpion stings the orc.
You barely miss the scorpion.
The scorpion is moderately wounded.
The scorpion stings you!
You die...

Skill      XL: |  1  2  3  4  5  6 |
---------------+-------------------+-----
Stealth        | 5 6 |  6.3
Short Blades   | 2 3 |  3.0
Hexes          | 5 6 |  6.0
Fighting       | 1 |  1.3
Dodging        | 3 |  3.4
Spellcasting   | |  2.5

Action                   |  1- 3 |  4- 6 || total
-------------------------+-------+-------++-------
Melee: Dagger            |   114 |   121 ||   235
       Bite              |     7 |    15 ||    22
 Cast: Corona            |    29 |    14 ||    43
       Ensorcelled Hiber |    17 |    33 ||    50
       Confusing Touch   |       |     9 ||     9
 Abil: Exsanguinate      |     1 |       ||     1
  Use: Scroll            |     4 |     3 ||     7
 Stab: Sleeping          |    23 |    27 ||    50
       Confused          |       |     6 ||     6
Armor: Robe              |    19 |    10 ||    29
Dodge: Dodged            |    72 |    93 ||   165

Levels and vault maps discovered:
D:1:      tarquinn_simple_flora_water_e, layout_basic, minivault_24
D:2:      layout_loops_cross, marbit_many_paths, kennysheep_cross_room
D:3:      layout_basic, serial_co_window_serial, co_window_cross_1,
          co_window_paths_b, co_window_paths_a, co_window_corner_a,
          co_window_corner_a, co_window_of_opportunity_a, co_window_2corner,
          co_window_broadway_c, co_window_of_opportunity_c, co_window_paths_c,
          co_window_2corner, glass_columns_a, glass_columns_b
D:4:      minmay_evil_eye, layout_basic, cheibriados_altar_1,
          nemelex_altar_shiori, cheibrodos_sewer_entry_drain,
          nicolae_gozag_cash_rules_everything_around_me, uniq_menkaure,
          uniq_blork_the_orc

Notes
Turn   | Place    | Note
-------+----------+-------------------------------------------
     0 | D:1      | infcreate the Vampire Enchanter began the quest for the
                  | Orb.
     0 | D:1      | Reached XP level 1. HP: 13/13 MP: 3/3
   573 | D:1      | Reached XP level 2. HP: 13/15 MP: 3/5
   620 | D:1      | Learned a level 2 spell: Ensorcelled Hibernation
  1451 | D:1      | Reached skill level 5 in Stealth
  1454 | D:1      | Reached XP level 3. HP: 20/20 MP: 3/6
  2403 | D:2      | Found a shimmering altar of Xom.
  2908 | D:2      | Reached skill level 2 in Short Blades
  2908 | D:2      | Reached skill level 5 in Hexes
  3014 | D:3      | Reached XP level 4. HP: 24/24 MP: 7/7
  3178 | D:2      | Learned a level 3 spell: Confusing Touch
  3365 | D:3      | Reached skill level 1 in Fighting
  3745 | D:3      | Reached skill level 3 in Dodging
  4584 | D:3      | Reached XP level 5. HP: 29/29 MP: 8/8
  4626 | D:4      | Found a glowing drain.
  4674 | Sewer    | Entered a sewer
  4717 | Sewer    | Noticed Purgy
  4721 | Sewer    | Killed Purgy
  4722 | Sewer    | Reached skill level 6 in Stealth
  5144 | D:4      | Reached skill level 3 in Short Blades
  5144 | D:4      | Reached XP level 6. HP: 34/34 MP: 5/9
  5179 | D:3      | Reached skill level 6 in Hexes
  5272 | D:4      | Slain by a scorpion

Vanquished Creatures
  Purgy (Sewer)
  An orc wizard (D:4)
  4 gnolls
  3 adders
  A worm (D:4)
  A leopard gecko (D:1)
  12 orcs
  5 giant cockroaches
  11 goblins
  9 hobgoblins
  3 jackals (D:1)
  A quokka (D:4)
  3 ball pythons
  10 bats
  2 frilled lizards (D:1)
  7 kobolds
  10 rats
84 creatures vanquished.

Table legend: (Time is in decaauts)
 A = Elapsed time spent in this place.
 B = Non-inter-level travel time spent in this place.
 C = Inter-level travel time spent in this place.
 D = Time resting spent in this place.
 E = Time spent auto-exploring this place.
 F = Levels seen in this place.
 G = Mean time per level.
                   A        B        C        D        E       F      G
               +--------+--------+--------+--------+--------+-----+--------+
         Total |   5256 |   5212 |     44 |    457 |   3692 |   5 | 1051.2 |
       Dungeon |   5116 |   5072 |     44 |    457 |   3593 |   4 | 1279.0 |
         Sewer |    139 |    139 |      0 |      0 |     99 |   1 |  139.0 |
               +--------+--------+--------+--------+--------+-----+--------+

Top non-repeatable levels by time:
     D:1: 1997 daAuts
     D:3: 1613 daAuts
     D:2: 1127 daAuts
     D:4: 378 daAuts
   Sewer: 139 daAuts

Table legend:
 A = Non-vault XP
 B = Vault XP
 C = Vault XP percentage of total XP
 D = Non-vault monster count
 E = Vault monster count
 F = Vault count percentage of total count
                 A         B        C        D         E       F
            +---------+---------+-------+---------+---------+-------
      Total |     257 |     142 |  35.6 |      74 |      10 |  11.9
            +---------+---------+-------+---------+---------+-------
        D:1 |      51 |       0 |   0.0 |      31 |       0 |   0.0
        D:2 |      59 |       2 |   3.3 |      14 |       1 |   6.7
        D:3 |      98 |       0 |   0.0 |      23 |       0 |   0.0
        D:4 |      49 |       9 |  15.5 |       6 |       3 |  33.3
      Sewer |       0 |     131 | 100.0 |       0 |       6 | 100.0
            +---------+---------+-------+---------+---------+-------
